BSA
NIAGARA FALLS FRENZY @ ST CHARLES SHEENS
07/30/2027
 
TOP OF THE 1ST
Niagara Falls Frenzy batting - Pitching for St Charles Sheens : LHP Ben Moody
Pitching: LHP Ben Moody
Batting: RHB Jorge Cora 0-0: Ball
1-0: Called Strike
1-1: Ball
2-1: Foul Ball, location: 2F
2-2: Strikes out swinging
Batting: RHB Zander Tremblett 0-0: Ball
1-0: Ground out 6-3 (Groundball, 6)
Batting: LHB Clyde Yarbrough 0-0: Fly out, F9 (Line Drive, 89D)
Top of the 1st over - 0 run(s), 0 hit(s), 0 error(s), 0 left on base; Niagara Falls 0 - St Charles 0
BOTTOM OF THE 1ST
St Charles Sheens batting - Pitching for Niagara Falls Frenzy : RHP Luis López
Pitching: RHP Luis López
Batting: RHB Jesús Hernández 0-0: Ball
1-0: Swinging Strike
1-1: Fly out, F7 (Flyball, 78M)
Batting: RHB Max Rash 0-0: Ball
1-0: Ground out 5-3 (Groundball, 5)
Batting: LHB Larry Howard 0-0: Ball
1-0: TRIPLE (Flyball, 8RXD)
Batting: LHB Stan Bates 0-0: Ground out U3 (Groundball, 3)
Bottom of the 1st over - 0 run(s), 1 hit(s), 0 error(s), 1 left on base; Niagara Falls 0 - St Charles 0
TOP OF THE 2ND
Niagara Falls Frenzy batting - Pitching for St Charles Sheens : LHP Ben Moody
Batting: SHB Martín De Jesús 0-0: Called Strike
0-1: Ball
1-1: Ball
2-1: Fly out, F9 (Flyball, 9LMF)
Batting: RHB Ángel Hinojosa 0-0: Called Strike
0-1: Swinging Strike
0-2: Foul Ball, location: 2F
0-2: Foul Ball, location: 2F
0-2: Strikes out swinging
Batting: RHB Tomás Estrada 0-0: Foul Ball, location: 2F
0-1: Ball
1-1: Foul Ball, location: 2F
1-2: Ball
2-2: Ball
3-2: Fly out, F9 (Line Drive, 9LM)
Top of the 2nd over - 0 run(s), 0 hit(s), 0 error(s), 0 left on base; Niagara Falls 0 - St Charles 0
BOTTOM OF THE 2ND
St Charles Sheens batting - Pitching for Niagara Falls Frenzy : RHP Luis López
Batting: LHB Marcos Cantú 0-0: Ball
1-0: Swinging Strike
1-1: Ball
2-1: TRIPLE (Flyball, 8RXD)
Batting: LHB Juan Jose Rojas 0-0: Called Strike
0-1: Ball
1-1: Ball
2-1: Swinging Strike
2-2: Foul Ball, location: 2F
2-2: Foul Ball, location: 2F
2-2: Foul Ball, location: 2F
2-2: Ball
3-2: Fly out, F2 (Popup, 23)
Batting: LHB Gene Cooper 0-0: Ball
1-0: Called Strike
1-1: Ball
2-1: SINGLE (Groundball, 34D)
Marcos Cantú scores
Batting: RHB Dan Tyler 0-0: Ball
1-0: Swinging Strike
1-1: Swinging Strike
1-2: Ball
2-2: Ball
3-2: Foul Ball, location: 2F
3-2: Foul Ball, location: 2F
3-2: Base on Balls
Gene Cooper to second
Batting: RHB Kel Pierce 0-0: Ball
1-0: Grounds into double play, 4-6-3 (Groundball, 34)
Bottom of the 2nd over - 1 run(s), 2 hit(s), 0 error(s), 1 left on base; Niagara Falls 0 - St Charles 1
TOP OF THE 3RD
Niagara Falls Frenzy batting - Pitching for St Charles Sheens : LHP Ben Moody
Batting: SHB Dave MacThomas 0-0: Called Strike
0-1: Swinging Strike
0-2: Foul Ball, location: 2F
0-2: Ball
1-2: Strikes out swinging, 2-3 out at first.
Batting: LHB Bill Hall 0-0: Foul Ball, location: 2F
0-1: Called Strike
0-2: Ball
1-2: SINGLE (Line Drive, 8LS)
Batting: RHB Luther Stoffels 0-0: Called Strike
0-1: Ball
1-1: DOUBLE (Line Drive, 8RXD)
Bill Hall to third
Batting: RHB Jorge Cora 0-0: Called Strike
0-1: Foul Ball, location: 2F
0-2: Ball
1-2: Foul Ball, location: 2F
1-2: Ground out 5-3 (Groundball, 56)
Bill Hall scores
Batting: RHB Zander Tremblett 0-0: Called Strike
0-1: Foul Ball, location: 2F
0-2: Ball
1-2: SINGLE (Groundball, 4MD)
Luther Stoffels to third
Runner from 3rd tries for Home, SAFE, no throw
Batting: LHB Clyde Yarbrough 0-0: Called Strike
0-1: Ball
1-1: Ball
2-1: Foul Ball, location: 2F
2-2: Fielders Choice at 2nd, 6-4 (Groundball, 6)
Top of the 3rd over - 2 run(s), 3 hit(s), 0 error(s), 0 left on base; Niagara Falls 2 - St Charles 1
BOTTOM OF THE 3RD
St Charles Sheens batting - Pitching for Niagara Falls Frenzy : RHP Luis López
Batting: RHB Jesús Hernández 0-0: Called Strike
0-1: Ball
1-1: Ball
2-1: Fly out, F9 (Flyball, 9LMF)
Batting: RHB Max Rash 0-0: Ball
1-0: Ball
2-0: Foul Ball, location: 2F
2-1: Swinging Strike
2-2: Ball
3-2: Foul Ball, location: 2F
3-2: Fly out, F9 (Flyball, 9LM)
Batting: LHB Larry Howard 0-0: Called Strike
0-1: Ball
1-1: Called Strike
1-2: Foul Ball, location: 2F
1-2: Foul Ball, location: 2F
1-2: Foul Ball, location: 2F
1-2: Strikes out swinging
Bottom of the 3rd over - 0 run(s), 0 hit(s), 0 error(s), 0 left on base; Niagara Falls 2 - St Charles 1
TOP OF THE 4TH
Niagara Falls Frenzy batting - Pitching for St Charles Sheens : LHP Ben Moody
Batting: SHB Martín De Jesús 0-0: Swinging Strike
0-1: Called Strike
0-2: Ball
1-2: Strikes out swinging
Batting: RHB Ángel Hinojosa 0-0: Ball
1-0: DOUBLE (Line Drive, 5D)
Batting: RHB Tomás Estrada 0-0: Called Strike
0-1: SINGLE (Line Drive, 8LS)
Ángel Hinojosa to third
Batting: SHB Dave MacThomas 0-0: Swinging Strike
0-1: Ball
1-1: Swinging Strike
1-2: Strikes out swinging
Batting: LHB Bill Hall 0-0: Ball
1-0: Ball
2-0: Fly out, F3 (Line Drive, 3)
Top of the 4th over - 0 run(s), 2 hit(s), 0 error(s), 2 left on base; Niagara Falls 2 - St Charles 1
BOTTOM OF THE 4TH
St Charles Sheens batting - Pitching for Niagara Falls Frenzy : RHP Luis López
Batting: LHB Stan Bates 0-0: Ball
1-0: Foul Ball, location: 2F
1-1: Swinging Strike
1-2: Ball
2-2: Foul Ball, location: 2F
2-2: Strikes out swinging
Batting: LHB Marcos Cantú 0-0: Foul Ball, location: 2F
0-1: Foul Ball, location: 2F
0-2: Strikes out swinging
Batting: LHB Juan Jose Rojas 0-0: Ball
1-0: Ball
2-0: Fly out, F9 (Flyball, 89D)
Bottom of the 4th over - 0 run(s), 0 hit(s), 0 error(s), 0 left on base; Niagara Falls 2 - St Charles 1
TOP OF THE 5TH
Niagara Falls Frenzy batting - Pitching for St Charles Sheens : LHP Ben Moody
Batting: RHB Luther Stoffels 0-0: Called Strike
0-1: Ball
1-1: Swinging Strike
1-2: Strikes out looking
Batting: RHB Jorge Cora 0-0: Called Strike
0-1: Foul Ball, location: 2F
0-2: Foul Ball, location: 2F
0-2: Strikes out swinging
Batting: RHB Zander Tremblett 0-0: Ball
1-0: Called Strike
1-1: Called Strike
1-2: Ball
2-2: Ball
3-2: Ground out U3 (Groundball, 23)
Top of the 5th over - 0 run(s), 0 hit(s), 0 error(s), 0 left on base; Niagara Falls 2 - St Charles 1
BOTTOM OF THE 5TH
St Charles Sheens batting - Pitching for Niagara Falls Frenzy : RHP Luis López
Batting: LHB Gene Cooper 0-0: Ball
1-0: Called Strike
1-1: Foul Ball, location: 2F
1-2: Fly out, F7 (Flyball, 7D)
Batting: RHB Dan Tyler 0-0: Swinging Strike
0-1: Ball
1-1: Ball
2-1: Ball
3-1: Fly out, F8 (Flyball, 89D)
Batting: RHB Kel Pierce 0-0: Called Strike
0-1: Swinging Strike
0-2: DOUBLE (Groundball, 3L)
Batting: RHB Jesús Hernández 0-0: Foul Ball, location: 2F
0-1: Swinging Strike
0-2: Ground out 6-3 (Groundball, 6)
Bottom of the 5th over - 0 run(s), 1 hit(s), 0 error(s), 1 left on base; Niagara Falls 2 - St Charles 1
TOP OF THE 6TH
Niagara Falls Frenzy batting - Pitching for St Charles Sheens : LHP Ben Moody
Batting: LHB Clyde Yarbrough 0-0: Called Strike
0-1: Ball
1-1: Called Strike
1-2: Ball
2-2: Ball
3-2: Ground out U3 (Groundball, 3L)
Batting: SHB Martín De Jesús 0-0: Called Strike
0-1: Ball
1-1: Ball
2-1: Called Strike
2-2: Strikes out looking
Batting: RHB Ángel Hinojosa 0-0: Swinging Strike
0-1: Ball
1-1: Ball
2-1: Called Strike
2-2: Strikes out looking
Top of the 6th over - 0 run(s), 0 hit(s), 0 error(s), 0 left on base; Niagara Falls 2 - St Charles 1
BOTTOM OF THE 6TH
St Charles Sheens batting - Pitching for Niagara Falls Frenzy : RHP Luis López
Batting: RHB Max Rash 0-0: Called Strike
0-1: Ground out 6-3 (Groundball, 6)
Batting: LHB Larry Howard 0-0: Fly out, F9 (Flyball, 89XD)
Batting: LHB Stan Bates 0-0: Called Strike
0-1: Ball
1-1: Fly out, F9 (Flyball, 89M)
Bottom of the 6th over - 0 run(s), 0 hit(s), 0 error(s), 0 left on base; Niagara Falls 2 - St Charles 1
TOP OF THE 7TH
Niagara Falls Frenzy batting - Pitching for St Charles Sheens : LHP Ben Moody
Batting: RHB Tomás Estrada 0-0: Called Strike
0-1: Ball
1-1: Swinging Strike
1-2: Ground out 5-3 (Groundball, 5)
Batting: SHB Dave MacThomas 0-0: Ball
1-0: Ball
2-0: Ball
3-0: Called Strike
3-1: Base on Balls
Pinch Hitting: RHB Cordell Gibson 0-0: Called Strike
0-1: Swinging Strike
0-2: Ball
Dave MacThomas steals 2nd base
1-2: Ball
2-2: Foul Ball, location: 2F
2-2: Foul Ball, location: 2F
2-2: Ground out 1-3 (Groundball, 13S)
Dave MacThomas to third
Batting: RHB Luther Stoffels 0-0: SINGLE (Groundball, 6MS) (infield hit)
Dave MacThomas scores
Batting: RHB Jorge Cora 0-0: Ball
1-0: Called Strike
1-1: TRIPLE (Flyball, 8LXD)
Luther Stoffels scores
Batting: RHB Zander Tremblett 0-0: Foul Ball, location: 2F
0-1: Ball
1-1: Swinging Strike
1-2: Strikes out swinging
Top of the 7th over - 2 run(s), 2 hit(s), 0 error(s), 1 left on base; Niagara Falls 4 - St Charles 1
BOTTOM OF THE 7TH
St Charles Sheens batting - Pitching for Niagara Falls Frenzy : RHP Luis López
Now at 2B: Ramiro Gámez
Batting: LHB Marcos Cantú 0-0: Ball
1-0: Ball
2-0: Fly out, F7 (Line Drive, 7LS)
Batting: LHB Juan Jose Rojas 0-0: Called Strike
0-1: SINGLE (Line Drive, 8LS)
Batting: LHB Gene Cooper 0-0: Ball
1-0: Ball
2-0: Ball
3-0: Called Strike
3-1: Fly out, F4 (Popup, 34D)
Batting: RHB Dan Tyler 0-0: Called Strike
0-1: Ball
1-1: Swinging Strike
1-2: Ball
2-2: Ball
3-2: Strikes out swinging
Bottom of the 7th over - 0 run(s), 1 hit(s), 0 error(s), 1 left on base; Niagara Falls 4 - St Charles 1
TOP OF THE 8TH
Niagara Falls Frenzy batting - Pitching for St Charles Sheens : LHP Ben Moody
Batting: LHB Clyde Yarbrough 0-0: Swinging Strike
0-1: Foul Ball, location: 2F
0-2: Ball
1-2: Ball
2-2: Ball
3-2: SINGLE (Line Drive, 9S)
Pitching: RHP Álex Villegas
Batting: SHB Martín De Jesús 0-0: Ball
Wild Pitch!
Clyde Yarbrough to second
1-0: Intentional Walk
Batting: RHB Ángel Hinojosa 0-0: Called Strike
0-1: Foul Ball, location: 2F
0-2: TRIPLE (Line Drive, 9LM)
Clyde Yarbrough scores
Martín De Jesús scores
Pitching: LHP Ron Cummins
Batting: RHB Tomás Estrada 0-0: Fly out, F8 (Flyball, 89S)
Batting: SHB Dave MacThomas 0-0: Called Strike
0-1: Foul Ball, location: 2F
0-2: Ball
1-2: Strikes out swinging
Batting: RHB Ramiro Gámez 0-0: Ball
1-0: Fly out, F6 (Line Drive, 6)
Top of the 8th over - 2 run(s), 2 hit(s), 0 error(s), 1 left on base; Niagara Falls 6 - St Charles 1
BOTTOM OF THE 8TH
St Charles Sheens batting - Pitching for Niagara Falls Frenzy : RHP Luis López
Pitching: RHP Mark Head
Batting: RHB Kel Pierce 0-0: Ball
1-0: Called Strike
1-1: Swinging Strike
1-2: Ball
2-2: Ball
3-2: Base on Balls
Batting: RHB Jesús Hernández 0-0: Fielders Choice at 2nd, 6-4 (Groundball, 6)
Batting: RHB Max Rash 0-0: Fly out, F8 (Flyball, 8LD)
Batting: LHB Larry Howard 0-0: Ball
1-0: Fly out, F8 (Flyball, 8LM)
Bottom of the 8th over - 0 run(s), 0 hit(s), 0 error(s), 1 left on base; Niagara Falls 6 - St Charles 1
TOP OF THE 9TH
Niagara Falls Frenzy batting - Pitching for St Charles Sheens : LHP Ron Cummins
Pitching: RHP Juan Rivera
Batting: RHB Luther Stoffels 0-0: Called Strike
0-1: Called Strike
0-2: Foul Ball, location: 2F
0-2: Ball
1-2: Ball
2-2: Foul Ball, location: 2F
2-2: Ball
3-2: Ground out 5-3 (Groundball, 56S)
Batting: RHB Jorge Cora 0-0: Ball
1-0: Ball
2-0: Foul Ball, location: 2F
2-1: Foul Ball, location: 2F
2-2: Ball
3-2: Strikes out swinging
Batting: RHB Zander Tremblett 0-0: Foul Ball, location: 2F
0-1: Ground out 1-3 (Groundball, P)
Top of the 9th over - 0 run(s), 0 hit(s), 0 error(s), 0 left on base; Niagara Falls 6 - St Charles 1
BOTTOM OF THE 9TH
St Charles Sheens batting - Pitching for Niagara Falls Frenzy : RHP Mark Head
Now in CF: Jung-ha Kim
Batting: LHB Stan Bates 0-0: Called Strike
0-1: Swinging Strike
0-2: Strikes out swinging
Batting: LHB Marcos Cantú 0-0: Ball
1-0: SOLO HOME RUN (Flyball, 89XD), Distance : 428 ft
Batting: LHB Juan Jose Rojas 0-0: Ball
1-0: Called Strike
1-1: Swinging Strike
1-2: Fly out, F7 (Flyball, 7LDF)
Batting: LHB Gene Cooper 0-0: Ball
1-0: Ball
2-0: Ball
3-0: Base on Balls
Batting: RHB Dan Tyler 0-0: Foul Ball, location: 2F
0-1: Ball
1-1: Foul Ball, location: 2F
1-2: Foul Ball, location: 2F
1-2: Ball
2-2: Fly out, F8 (Flyball, 8LM)
Bottom of the 9th over - 1 run(s), 1 hit(s), 0 error(s), 1 left on base; Niagara Falls 6 - St Charles 2
Thursday, March 30th, 2017 - OOTP Baseball 17.12 Build 75